 Dungeon Crawl Stone Soup version 0.18.1-48-g4cf74bf (webtiles) character file.

249 Nahar the Cudgeler (level 5, -3/48 HPs)
             Began as a Minotaur Berserker on Aug 7, 2016.
             Was a Believer of Trog.
             Slain by Grinder (6 damage)
             ... on level 3 of the Dungeon.
             The game lasted 00:19:15 (1692 turns).

Nahar the Cudgeler (Minotaur Berserker)             Turns: 1692, Time: 00:19:15

Health: -3/48      AC:  3    Str: 22    XL:     5   Next: 87%
Magic:  4/4        EV: 12    Int:  4    God:    Trog [**....]
Gold:   135        SH:  0    Dex: 10    Spells: 0 memorised, 4 levels left

rFire  . . .     SeeInvis .     a - +0 mace
rCold  . . .     Gourm    .     e - +0 leather armour
rNeg   . . .     Faith    .     (no shield)
rPois  .         Spirit   .     (helmet restricted)
rElec  .         Dismiss  .     (no cloak)
rCorr  .         Reflect  .     (no gloves)
SustAt .         Harm     .     (no boots)
MR     .....                    (no amulet)
Stlth  ..........               (no ring)
                                (no ring)

@: confused, not resistant to hostile enchantments, extremely unstealthy
A: retaliatory headbutt, horns 2
a: Berserk, Trog's Hand, Burn Spellbooks, Renounce Religion


You were on level 3 of the Dungeon.
You worshipped Trog.
Trog was pleased with you.
You were not hungry.

You visited 1 branch of the dungeon, and saw 3 of its levels.

You collected 135 gold pieces.

Inventory:

Hand Weapons
 a - a +0 mace (weapon)
 j - a cursed -2 scythe
Armour
 b - a +0 animal skin
 e - a +0 leather armour (worn)
 f - a cursed +0 robe
 k - a +0 robe
Jewellery
 d - a -3 ring of evasion
Scrolls
 g - a scroll of fog
Potions
 l - 2 potions of degeneration {unknown}
Comestibles
 c - 2 bread rations


   Skills:
 + Level 5.1 Fighting
 + Level 5.9 Maces & Flails
 + Level 3.3 Armour
 + Level 3.4 Dodging


You had 4 spell levels left.
You didn't know any spells.

Dungeon Overview and Level Annotations

Branches:
Dungeon (3/15)

Altars:
Ashenzari

Annotations:
D:3 Grinder


Innate Abilities, Weirdness & Mutations

You reflexively headbutt those who attack you in melee.
You have a pair of horns on your head.


Message History

Grinder hits you!
You writhe in agony.
Grinder hits you.
You writhe in agony.
Grinder hits you.
* * * LOW HITPOINT WARNING * * *
You writhe in agony.
* * * LOW HITPOINT WARNING * * *
You can move again.
You see here an adder corpse.
Grinder hits you!
* * * LOW HITPOINT WARNING * * *
You writhe in agony.
* * * LOW HITPOINT WARNING * * *
You are confused.
You feel invigorated. Grinder gestures at you.
You barely resist. You closely miss Grinder. Grinder hits you!
* * * LOW HITPOINT WARNING * * *
You writhe in agony.
You die...

.)...#...
#.......#####...##
........ #)##.##.#
#...# ..##..##
...... #.# #...#
.###..#######
##..# #.# #...#
.#..........#
#..## #.# ....
......#####.# #...
..# .#. ...##.#
#.# #.# ......#
#.#####.######
#######
#.....@5.......
########.####.. .#
.# 5# .# ..


You could see Grinder.

Vanquished Creatures
  Sigmund (D:2)
  4 adders
  2 oozes
  A worm (D:1)
  2 giant geckos (D:3)
  3 orcs (D:3)
  2 giant cockroaches (D:1)
  5 goblins
  10 hobgoblins
  A ball python (D:1)
  3 bats
  5 giant newts
  2 kobolds
  3 rats (D:1)
44 creatures vanquished.

Notes
Turn   | Place    | Note
--------------------------------------------------------------
     0 | D:1      | Nahar the Minotaur Berserker began the quest for the Orb.
     0 | D:1      | Reached XP level 1. HP: 19/19 MP: 0/0
   229 | D:1      | Reached XP level 2. HP: 27/27 MP: 1/1
   707 | D:1      | Reached XP level 3. HP: 31/33 MP: 2/2
   710 | D:1      | Reached ** piety under Trog
   782 | D:2      | Found a shattered altar of Ashenzari.
   815 | D:2      | Noticed Sigmund
   822 | D:2      | Killed Sigmund
   822 | D:2      | Reached skill level 5 in Fighting
   822 | D:2      | Reached skill level 5 in Maces & Flails
   822 | D:2      | Reached XP level 4. HP: 37/42 MP: 3/3
   822 | D:2      | Reached XP level 5. HP: 43/48 MP: 4/4
  1672 | D:3      | Noticed Grinder
  1686 | D:3      | Paralysed by Grinder for 4 turns
  1690 | D:3      | HP: 2/48 [Grinder (1)]
  1692 | D:3      | Slain by Grinder

Skill      XL: |  1  2  3 |
---------------+----------+-----
Maces & Flails | 4 5 |  5.9
Fighting       | 5 |  5.1
Armour         | 3 |  3.3
Dodging        | 3 |  3.4

Action                   |  1- 3 |  4- 6 || total
-------------------------+-------+-------++-------
Melee: Mace              |    51 |    49 ||   100
       Headbutt          |     6 |     3 ||     9
Invok: Berserk           |     2 |       ||     2
  Use: Scroll            |     6 |     5 ||    11
       Potion            |       |     1 ||     1
  Eat: Fruit             |     1 |     4 ||     5
Armor: Leather armour    |     8 |     5 ||    13
Dodge: Dodged            |    27 |    25 ||    52
